 Dungeon Crawl Stone Soup version 0.29.1-2-gbd0b4ee654 (webtiles) character file.

Game seed: 3695969673554651609

12033 qeuew the Skirmisher (level 11, -8/58 HPs)
             Began as a Spriggan Hunter on Nov 5, 2022.
             Was an Elder of Dithmenos.
             Mangled by a two-headed ogre
             ... wielding a +0 giant spiked club
              (20 damage)
             ... on level 10 of the Dungeon.
             The game lasted 00:32:24 (12694 turns).

qeuew the Skirmisher (Spriggan Hunter)             Turns: 12694, Time: 00:32:25

Health: -8/58      AC:  5    Str:  4    XL:     11   Next: 57%
Magic:  21/21      EV: 29    Int: 12    God:    Dithmenos [****..]
Gold:   2080       SH:  0    Dex: 22    Spells: 18/23 levels left

rFire   . . .      SeeInvis +   h - +0 arbalest (elec)
rCold   + + .      Faith    .   (shield currently unavailable)
rNeg    . . .      Spirit   .   s - +0 steam dragon scales
rPois   +          Reflect  .   (helmet restricted)
rElec   .          Harm     .   (no cloak)
rCorr   .          Rampage  .   (gloves unavailable)
Will    ++...                   (boots unavailable)
Stlth   +++++++...              k - amulet "Dynwaiz" {RegenMP Fly rPois rC++ Str-3}
HPRegen 0.19/turn               D - +4 ring of evasion
MPRegen 0.57/turn               o - ring of willpower

@: flying, wreathed by umbra, very quick
A: very small, no large weapons, unfitting armour, see invisible, speed 3
a: Renounce Religion, Shadow Step


You were on level 10 of the Dungeon.
You worshipped Dithmenos.
Dithmenos was greatly pleased with you.
You visited 2 branches of the dungeon, and saw 11 of its levels.
You also visited: Ossuary.

You collected 2080 gold pieces.

Inventory:

Hand Weapons
 h - a +0 arbalest of electrocution (weapon)
 i - a +2 vampiric short sword
Missiles
 m - 2 throwing nets
Armour
 s - +0 steam dragon scales (worn)
Jewellery
 k - the amulet "Dynwaiz" (around neck) {RegenMP Fly rPois rC++ Str-3}
   (You found it on level 4 of the Dungeon)

   [amulet of magic regeneration]

   It increases your rate of magic regeneration.
   Str:       It affects your strength (-3).
   rC:        It greatly protects you from cold.
   rPois:     It protects you from poison.
   Fly:       It grants you flight.
 o - a ring of willpower (right hand)
 r - a ring of protection from fire
 D - a +4 ring of evasion (left hand)
Wands
 c - a wand of flame (39)
 e - a wand of digging (5)
 n - a wand of polymorph (10)
 p - a wand of charming (20)
Scrolls
 a - a scroll of identify
 j - 2 scrolls of magic mapping
 l - a scroll of blinking {unknown}
 u - 2 scrolls of enchant weapon
 v - a scroll of amnesia
 z - a scroll of fear
Potions
 b - 6 potions of haste
 d - 3 potions of curing
 f - 2 potions of brilliance
 g - 4 potions of mutation
 x - a potion of lignification
 C - a potion of might


   Skills:
 * Level 6.5 Fighting
 * Level 6.9 Short Blades
 + Level 11.2 Ranged Weapons
 * Level 8.7 Dodging
 * Level 9.7 Stealth
 * Level 6.6 Spellcasting
 * Level 6.6 Hexes


You had 18 spell levels left.
You knew the following spells:

 Your Spells              Type           Power      Damage    Failure   Level
a - Slow                  Hex            76%        N/A       1%          1
b - Cause Fear            Hex            9%         N/A       11%         4

Your spell library contained the following spells:

 Spells                   Type           Power      Damage    Failure   Level
 Confusing Touch          Hex            19%        N/A       3%          3
 Freeze                   Ice            12%        1d4       17%         1
 Necrotise                Necr           12%        1d4       17%         1
 Frozen Ramparts          Ice            6%         1d1       45%         3
 Teleport Other           Tloc           3%         N/A       45%         3
 Vampiric Draining        Necr           3%         2d6       45%         3
 Summon Mana Viper        Hex/Summ       11%        N/A       77%         5
 Yara's Violent Unravell  Hex/Tmut       5%         3d4       77%         5
 Hailstorm                Conj/Ice       3%         3d3       86%         4
 Agony                    Necr           3%         N/A       99%         5
 Summon Forest            Summ/Tloc      1%         N/A       99%         5
 Dispersal                Tloc           1%         N/A       100%        6
 Summon Cactus Giant      Summ           1%         N/A       100%        6
 Dragon Form              Tmut           1%         N/A       100%        7
 Enfeeble                 Hex            9%         N/A       100%        7
 Malign Gateway           Summ/Tloc      1%         N/A       100%        7
 Dragon's Call            Summ           1%         N/A       100%        9


Dungeon Overview and Level Annotations

Branches:
Dungeon (10/15)            Temple (1/1) D:6         Ossuary (visited)
   Lair: D:8-11         Orc: D:9-12

Altars:
Ashenzari
Cheibriados
Dithmenos
Elyvilon
Fedhas
Gozag
Hepliaklqana
Kikubaaqudgha
Makhleb
Nemelex Xobeh
Okawaru
Qazlal
Ru
Sif Muna
Trog
Xom
Yredelemnul
The Shining One

Shops:
D:3 (

Annotations:
D:6 1 runed translucent door, xian's ghost, novice TeHu


Innate Abilities, Weirdness & Mutations

You are very small and have problems with some larger weapons.
You are too small for most types of armour.
You have supernaturally acute eyesight. (SInv)
You cover ground extremely quickly. (Speed+++)


Message History

Lightning courses through the kobold brigand!
The kobold brigand is almost dead.
You shoot a bolt. The bolt hits the kobold brigand!
Lightning courses through the kobold brigand!
You kill the kobold brigand!
Dithmenos accepts your kill.
You shoot a bolt.
The bolt hits the two-headed ogre but does no damage.
Your shadow shoots a bolt.
The bolt barely misses the two-headed ogre.
The two-headed ogre barely misses you. The two-headed ogre misses you.
You shoot a bolt. The bolt hits the two-headed ogre.
The two-headed ogre is lightly wounded.
The two-headed ogre completely misses you. x2
You shoot a bolt. The bolt hits the two-headed ogre!
The two-headed ogre is moderately wounded.
The two-headed ogre completely misses you.
The two-headed ogre hits you with a +0 giant club!
You shoot a bolt. The bolt hits the two-headed ogre.
The two-headed ogre is moderately wounded.
The two-headed ogre closely misses you.
The two-headed ogre hits you with a +0 giant club!
You are too injured to fight recklessly!
You are too injured to fight recklessly!
You shoot a bolt.
The bolt hits the two-headed ogre but does no damage.
The two-headed ogre is moderately wounded.
You shoot a bolt.
The bolt barely misses the two-headed ogre.
The bolt completely misses the killer bee.
The bolt hits the steam dragon!
Lightning courses through the steam dragon!
The steam dragon is severely wounded.
You shoot a bolt. The bolt hits the two-headed ogre!
Lightning courses through the two-headed ogre!
The two-headed ogre is severely wounded.
The two-headed ogre hits you with a +0 giant spiked club!!
* * * LOW HITPOINT WARNING * * *
The two-headed ogre hits you with a +0 giant club!!
You die...

...........# ######
########.### #..).##
#..'...##### #...##..##
#.###..#.... ##..#..#D##
#..###.>.. ...###..#.##
###..# #### ##..#.....#y##
#..#### #D###..#..#O##
###..#.# ..#..##.#))#@##
#..###.#
#y###..##.#).#.#####..#..#
#..#####.#..#.##..###.##
###
###).#..##.#..#.##..#...#
...
#..###...##.#..#..###.#.#
... ###..#g.#
##.#.....#..### ###
#..###†# ##.#..###[...#
###..#..# ##.#..#).##(#
#..###O## ##..##...###


You could see a two-headed ogre, a steam dragon and a killer bee.

Vanquished Creatures
  2 two-headed ogres (D:10)
  Amaemon (D:10)
  Pikel (D:7)
  Maurice (D:8)
  An orange demon (D:10)
  Joseph (D:9)
  Maggie (D:7)
  An unseen horror zombie (D:10)
  A komodo dragon (D:10)
  3 trolls
  Prince Ribbit (D:7)
  A hornet (D:7)
  3 shadows
  2 vampires (D:10)
  2 wraiths
  A wyvern (D:8)
  Menkaure (D:5)
  3 acid dragons
  2 water moccasins (D:7)
  Duvessa (D:7)
  3 orc warriors
  3 black bears
  2 sky beasts (D:7)
  6 ice beasts
  3 ogres
  A lemure (D:7)
  2 kobold brigands (D:10)
  2 gnoll sergeants
  A necrophage (D:8)
  2 bullfrogs (D:7)
  3 scorpions
  2 elf skeletons (D:8)
  20 wights
  Dowan (D:7)
  9 killer bees
  4 howler monkeys
  A centaur zombie (D:10)
  4 jellies
  3 hounds
  5 orc priests
  A gnoll bouda (D:10)
  Jessica (D:2)
  Ijyb (D:3)
  8 iguanas
  A human skeleton (D:8)
  An orc wizard (D:9)
  Terence (D:2)
  3 mummies (Ossuary)
  Robin (D:3)
  16 gnolls
  5 adders
  A shadow imp (D:8)
  A white imp (D:6)
  2 ufetubi (D:5)
  4 worms
  7 dart slugs
  48 orcs
  4 bats
  10 endoplasms
  A giant cockroach (D:1)
  8 goblins
  3 hobgoblins
  3 jackals (D:1)
  9 kobolds
  3 ball pythons
  4 frilled lizards
  A gnoll zombie (Ossuary)
  2 goblin zombies (Ossuary)
  3 hobgoblin zombies (Ossuary)
  2 kobold zombies (Ossuary)
  An orc skeleton (D:8)
  2 orc zombies (D:8)
  2 rats (D:7)
267 creatures vanquished.

Vanquished Creatures (collateral kills)
  A gnoll sergeant (D:8)
  A gnoll (D:8)
  2 orcs (D:8)
4 creatures vanquished.

Vanquished Creatures (others)
  4 withered plants (D:10)
4 creatures vanquished.

Grand Total: 275 creatures vanquished

Notes
Turn   | Place    | Note
-------+----------+-------------------------------------------
     0 | D:1      | qeuew the Spriggan Hunter began the quest for the Orb.
     0 | D:1      | Reached XP level 1. HP: 10/10 MP: 2/2
   142 | D:1      | Reached XP level 2. HP: 14/14 MP: 3/3
   530 | D:1      | Identified a scroll of acquirement
   530 | D:1      | Acquired 1268 gold pieces
   860 | D:2      | Reached XP level 3. HP: 12/18 MP: 4/4
  1204 | D:2      | Noticed Jessica
  1210 | D:2      | Killed Jessica
  1211 | D:2      | Reached skill level 1 in Short Blades
  1219 | D:2      | Reached XP level 4. HP: 23/23 MP: 5/5
  1379 | D:2      | Noticed Terence
  1429 | D:2      | Killed Terence
  1605 | D:2      | Found a hazy altar of Hepliaklqana.
  1621 | D:2      | Reached skill level 5 in Ranged Weapons
  1861 | D:3      | Reached XP level 5. HP: 24/26 MP: 6/6
  1989 | D:3      | Found a blossoming altar of Fedhas.
  2025 | D:3      | Found Lamiepu's Weapon Shop.
  2035 | D:3      | Noticed Robin
  2040 | D:3      | Killed Robin
  2058 | D:3      | Noticed an ogre
  2062 | D:3      | Killed an ogre
  2063 | D:3      | Reached XP level 6. HP: 32/32 MP: 7/7
  2074 | D:3      | Found a faded altar of an unknown god.
  2291 | D:3      | Noticed Ijyb
  2297 | D:3      | Killed Ijyb
  2298 | D:3      | Reached skill level 6 in Ranged Weapons
  2478 | D:4      | Identified the amulet "Dynwaiz" {RegenMP Fly rPois rC++
                  | Str-3}
  3178 | D:4      | Learned a level 1 spell: Slow
  3191 | D:5      | Entered Level 5 of the Dungeon
  3202 | D:5      | Noticed an ice beast
  3204 | D:5      | Killed an ice beast
  3205 | D:5      | Reached XP level 7. HP: 35/35 MP: 8/8
  3337 | D:5      | Reached skill level 1 in Spellcasting
  3337 | D:5      | Reached skill level 1 in Hexes
  3535 | D:5      | Noticed a shadow
  3542 | D:5      | Killed a shadow
  3543 | D:5      | Reached skill level 7 in Ranged Weapons
  3543 | D:5      | Reached skill level 5 in Stealth
  3609 | D:5      | Reached XP level 8. HP: 40/40 MP: 11/11
  3765 | D:5      | Reached skill level 5 in Dodging
  3906 | D:5      | Noticed Menkaure
  4107 | D:5      | Killed Menkaure
  4289 | D:6      | Noticed xian's ghost (novice TeHu)
  4310 | D:6      | Found a runed translucent door.
  5653 | D:6      | Found a staircase to the Ecumenical Temple.
  5951 | D:7      | Noticed Maggie
  5969 | D:7      | Killed Maggie
  5970 | D:7      | Reached skill level 8 in Ranged Weapons
  5970 | D:7      | Reached XP level 9. HP: 7/45 MP: 14/14
  6273 | D:7      | Noticed Dowan
  6275 | D:7      | Noticed Duvessa
  6330 | Temple   | Entered the Ecumenical Temple
  6494 | Temple   | Became a worshipper of Dithmenos the Shadowed
  6615 | D:7      | Killed Duvessa
  6630 | D:7      | Killed Dowan
  6799 | D:7      | Noticed Prince Ribbit
  6820 | D:7      | Killed Prince Ribbit
  7051 | D:7      | Noticed Pikel
  7061 | D:7      | Killed Pikel
  7062 | D:7      | Reached skill level 5 in Fighting
  7062 | D:7      | Reached skill level 5 in Short Blades
  7062 | D:7      | Reached skill level 9 in Ranged Weapons
  7337 | D:7      | Noticed a moth of wrath
  7341 | D:7      | Found a bloodstained altar of Trog.
  7431 | D:7      | HP: 2/47 [orc priest/divine providence (10)]
  7443 | D:7      | Reached XP level 10. HP: 31/51 MP: 17/17
  7666 | D:7      | Reached * piety under Dithmenos
  8571 | D:7      | Reached skill level 5 in Spellcasting
  8571 | D:7      | Reached skill level 5 in Hexes
  8720 | D:8      | Got Sif Muna's Volume of Shifting
  9055 | D:8      | Found a sand-covered staircase.
  9056 | D:8      | Reached ** piety under Dithmenos
  9060 | Ossuary  | Entered an ossuary
  9414 | Ossuary  | Reached skill level 10 in Ranged Weapons
  9826 | D:8      | Noticed Maurice
  9851 | D:8      | Killed Maurice
 10411 | D:9      | Noticed Joseph
 10416 | D:9      | Killed Joseph
 10888 | D:9      | Reached *** piety under Dithmenos
 11179 | D:9      | Reached XP level 11. HP: 56/56 MP: 20/20
 11753 | D:10     | Entered Level 10 of the Dungeon
 12329 | D:10     | Learned a level 4 spell: Cause Fear
 12329 | D:10     | Noticed Amaemon
 12341 | D:10     | Killed Amaemon
 12465 | D:10     | Noticed a two-headed ogre
 12466 | D:10     | Noticed a two-headed ogre
 12502 | D:10     | Killed a two-headed ogre
 12502 | D:10     | Reached **** piety under Dithmenos
 12503 | D:10     | Reached skill level 11 in Ranged Weapons
 12503 | D:10     | Killed a two-headed ogre
 12675 | D:10     | Noticed a two-headed ogre
 12694 | D:10     | Mangled by a two-headed ogre

Illustrated notes

Levels and vault maps discovered:
D:1:      dpeg_arrival_rooms_a, layout_loops_ring
D:2:      layout_basic, basic_altar, grunt_decor_mini_mirrors, uniq_terence,
          uniq_jessica
D:3:      layout_basic, lemuel_doored_altar, serial_shops,
          nicolae_shop_bloodbath_and_beyond,
          hellmonk_ecumenical_altar_heavens_door, uniq_ijyb, uniq_robin
D:4:      layout_loops_ring
D:5:      layout_loops_cross, uniq_menkaure
D:6:      layout_basic, temple_hall, hellmonk_ghost_happy_afterlife
D:7:      layout_cave_pools, tgw_trog, nzn_random_ring, uniq_duvessa,
          uniq_maggie, uniq_pikel, uniq_prince_ribbit1
D:8:      layout_gridville, nicolae_ossuary_entry_catacombs, uniq_maurice
D:9:      layout_grid_maze, minmay_misc_feat_chi, uniq_joseph
D:10:     minmay_razor_zed, layout_small_grid, mainiacjoe_overflow_alcove_4,
          hiddenorc1_lemuel, serial_undead, serial_undead_e, serial_undead_d,
          serial_undead_b, serial_undead_e, gammafunk_ghost_berserking_beasts,
          uniq_amaemon
Temple:   nicolae_temple_bog_church

Skill      XL: |  1  2  3  4  5  6  7  8  9 10 11 |
---------------+----------------------------------+-----
Stealth        | 2 3 4 5 6 7 8 9 |  9.7
Dodging        | 3 4 5 6 7 8 |  8.7
Fighting       | 2 3 4 5 6 |  6.5
Short Blades   | 1 2 3 4 5 6 |  6.9
Ranged Weapons | 5 6 7 8 9 10 11 | 11.2
Spellcasting   | 1 3 4 5 6 |  6.6
Hexes          | 2 3 4 5 6 |  6.6

Action                   |  1- 3 |  4- 6 |  7- 9 | 10-12 || total
-------------------------+-------+-------+-------+-------++-------
Melee: Short sword       |    16 |     8 |       |       ||    24
       Dagger            |       |       |    44 |    62 ||   106
       Punch             |       |       |     1 |     1 ||     2
 Fire: Shortbow          |    64 |   138 |   227 |   273 ||   702
       Sling             |       |    11 |       |       ||    11
       Arbalest          |       |       |       |   147 ||   147
 Cast: Slow              |       |       |       |     2 ||     2
  Use: Scroll            |     4 |     7 |     3 |     6 ||    20
       Potion            |     2 |     3 |     2 |    11 ||    18
 Stab: Sleeping          |       |       |     1 |     6 ||     7
Armor: Robe              |     2 |     1 |     4 |       ||     7
       Steam dragon scal |       |       |     4 |    18 ||    22
Dodge: Dodged            |    54 |    54 |    88 |   375 ||   571
